 Dungeon Crawl Stone Soup version bcrawl-1.27.6 (webtiles) character file.

Game seed: 7215553280522747125

426536 Faustar the Fighter (level 11, -58/104 HPs)
             Began as a Sand Dwarf Skald on Sept 10, 2020.
             Was a Believer of Ashenzari.
             Annihilated by an enormous slime creature (67 damage)
             ... on level 8 of the Dungeon.
             The game lasted 00:33:19 (9324 turns).

Faustar the Fighter (Sand Dwarf Skald)              Turns: 9324, Time: 00:33:20

Health: -58/104    AC: 12    Str: 15    XL:     11   Next: 87%
Magic:  21/25      EV: 13    Int: 18    God:    Ashenzari [**....]
Gold:   602        SH:  0    Dex: 10    Spells: 13/30 levels left

rFire    . . .     SeeInvis .   A - +0 flail (curse)
rCold    . . .     Gourm    .   (shield restricted)
rNeg     . . .     Faith    .   N - +0 chain mail (curse)
rPois    .         Spirit   .   l - +0 helmet (curse)
rElec    .         Reflect  .   (no cloak)
rCorr    .         Harm     .   (no gloves)
MR       +....                  (no boots)
Stlth    ..........             (no amulet)
HPRegen  0.27/turn              j - ring of wizardry (curse)
MPRegen  0.19/turn              s - +4 ring of evasion (curse)

@: slow
A: small, slowness 1, armour attunement
a: Curse Item, Scrying, Renounce Religion


You were on level 8 of the Dungeon.
You worshipped Ashenzari.
Ashenzari was pleased with you.
You were hungry.

You visited 2 branches of the dungeon, and saw 10 of its levels.

You collected 602 gold pieces.

Inventory:

Hand Weapons
 A - a cursed +0 flail (weapon)
Armour
 b - a +0 leather armour
 l - a cursed +0 helmet (worn)
 p - a +0 ring mail
 v - a +0 troll leather armour
 N - a cursed +0 chain mail (worn)
Magical Staves
 u - an uncursed staff of fire
Jewellery
 j - a cursed ring of wizardry (left hand)
 q - an uncursed amulet of guardian spirit
 r - the ring of the Commoners {Ice rPois Int-4 Dex+4}
   (You found it on level 3 of the Dungeon)

   [ring of ice]

   It enhances your ice magic.
   It affects your intelligence (-4).
   It affects your dexterity (+4).
   It makes you vulnerable to fire.
   It protects you from cold.
   It protects you from poison.
 s - a cursed +4 ring of evasion (right hand)
Wands
 F - a wand of flame (24)
Scrolls
 d - 2 scrolls of fear
 g - 3 scrolls of teleportation {unknown}
 h - 2 scrolls of magic mapping {unknown}
 k - 3 scrolls of enchant weapon {unknown}
 m - 4 scrolls of blinking {unknown}
 t - 5 scrolls of remove curse {unknown}
 x - 2 scrolls of enchant armour {unknown}
 y - 2 scrolls of amnesia {unknown}
 C - 4 scrolls of immolation
 G - a scroll of brand weapon {unknown}
 H - 2 scrolls of torment {unknown}
 I - a scroll of noise {unknown}
 M - a scroll of identify
Potions
 c - 2 potions of mutation
 f - 2 potions of haste
 i - 4 potions of heal wounds {unknown}
 n - a potion of resistance
 o - 2 potions of curing
 w - a potion of might
 B - 3 potions of flight
 E - 3 potions of lignification
 J - 2 potions of invisibility
 K - a potion of agility {unknown}
Miscellaneous
 L - a phantom mirror
Comestibles
 a - 5 chunks of flesh
 e - 25 rations {!d}


   Skills:
 - Level 11.7 Fighting
 - Level 11.1(13.2) Maces & Flails
 - Level 9.3 Armour
 - Level 1.5 Dodging
 - Level 10.0 Spellcasting
 - Level 3.9(5.2) Conjurations
 * Level 2.5(3.7) Hexes
 - Level 3.0(4.2) Charms


You had 13 spell levels left.
You knew the following spells:

 Your Spells              Type           Power        Failure   Level  Hunger
a - Infusion              Chrm           ###.....     1%          1    None
b - Regeneration          Chrm/Necr      ###.......   4%          3    None
c - Spectral Weapon       Hex/Chrm       ###.....     1%          3    None
d - Mephitic Cloud        Conj/Pois/Air  ###.....     4%          3    None
e - Confuse               Hex            ###.....     1%          3    None
f - Cause Fear            Hex            ###.......   7%          4    #......

Your spell library contained the following spells:

 Spells                   Type           Power        Failure   Level  Hunger
 Corona                   Hex            ###....      1%          1    None
 Magic Dart               Conj           ####         1%          1    None
 Shackle                  Hex            ###.....     1%          2    None
 Song of Slaying          Chrm           ###.....     1%          2    None
 Dazzling Orbs            Conj/Hex       ####...      1%          3    None
 Conjure Flame            Conj/Fire      ###.....     3%          3    None
 Blink                    Tloc           N/A          4%          2    None
 Call Imp                 Summ           #.....       4%          2    None
 False Image              Hex/Summ       ###.....     4%          3    None
 Inner Flame              Hex/Fire       N/A          4%          3    None
 Ozocubu's Armour         Chrm/Ice       ###.....     4%          3    None
 Spider Form              Tmut/Pois      #..          9%          3    None
 Yara's Violent Unravell  Hex/Tmut       ###.......   14%         4    #......
 Petrify                  Tmut/Erth      #.........   28%         4    #......
 Metabolic Englaciation   Hex/Ice        ###.......   36%         5    ####...
 Mana Rupture             Conj/Hex       ####......   98%         7    ######.


Dungeon Overview and Level Annotations

Branches:
Dungeon (9/12)             Temple (1/1) D:4            Lair (0/6) D:9
    Orc (0/1) D:9

Altars:
Ashenzari
Cheibriados
Dithmenos
Elyvilon
Fedhas
Gozag
Hepliaklqana
Kikubaaqudgha
Lugonu
Okawaru
Qazlal
Ru
Sif Muna
Trog
Uskayaw
Vehumet
Wu Jian
Xom
Yredelemnul
Zin
The Shining One

Shops:
D:5 ?(   D:7 (?}!*   D:8 !

Annotations:
D:3 1 runed translucent door, Quickbrownfox's ghost, amateur MiAc
D:4 2 runed translucent doors, Freyura's ghost, amateur GrAc
D:6 1 runed translucent door, zzzzzzzz's ghost, novice OpTm
D:7 1 runed door


Innate Abilities, Weirdness & Mutations

You are small and have problems with some larger weapons.
You cover ground slowly.
Armour does not affect your spellcasting.


Message History

Aiming: Confuse (safe; 1% risk of failure)
Press: ? - help, Shift-Dir - straight line, f/p - large slime creature
Aim: a large slime creature (lightly wounded, chance to defeat MR: 34%)
The large slime creature easily resists.
Casting: Confuse (safe; 1% risk of failure)
Confirm with . or Enter, or press ? or * to list all spells.
The large slime creature resists with almost no effort.
The large slime creature easily resists.
Some of the chunks of flesh in your inventory have rotted away.
The large slime creature closely misses you.
Two slime creatures merge to form an enormous slime creature.
A mysterious force pulls you upwards. The hatch slams shut behind you.
The enormous slime creature hits you!!!
Ouch! That really hurt!
* * * LOW HITPOINT WARNING * * *
The enormous slime creature completely misses you.
Okay, then.
The enormous slime creature hits you!!!
Ouch! That really hurt!
You die...

####### #.....#
#.....######
##############
#..........#
#..(.........#
#.....####.#
#)##########.# #.....#
#.# #####...# #.#
###.### #.# ##.....#.#
#.# #.# #.####........#
#.# #>#
#.....J@.....#########.#
##.##
######.....#............
##...##
##...############..
#.....## ##.## ###
...†...# #.# #.....##
#.##### ##...## #.....#
#..## #####.# #########
#.## #.# #........


You could see an enormous slime creature.

Vanquished Creatures
  A manticore (D:7)
  A centaur zombie (D:8)
  An elephant (D:9)
  A queen bee (D:8)
  2 trolls
  3 hippogriffs
  Sigmund (D:2)
  A shadow (D:9)
  A hungry ghost (D:9)
  2 crocodiles
  2 water moccasins
  2 sky beasts
  4 ice beasts
  A phantom (D:6)
  5 orc warriors (D:9)
  3 black bears
  2 ogres (D:8)
  A necrophage (D:9)
  3 centaurs
  4 bullfrogs
  2 big kobolds
  A gnoll sergeant (D:7)
  A scorpion (D:6)
  20 killer bees
  6 howler monkeys
  8 wights
  2 electric eels (D:9)
  3 crimson imps
  6 jellies
  5 hounds
  3 bullfrog skeletons
  2 centaur skeletons
  7 orc priests
  7 orc wizards
  6 worker ants
  3 iguanas
  2 hound zombies
  3 worker ant zombies
  5 gnolls (D:7)
  A howler monkey skeleton (D:7)
  11 adders
  3 shadow imps
  2 adder skeletons
  4 worms
  4 dart slugs
  8 leopard geckos
  40 orcs
  4 ball pythons
  6 bats
  2 giant cockroaches
  13 goblins
  7 hobgoblins
  2 jackals (D:2)
  3 quokkas
  6 frilled lizards
  A jackal zombie (D:5)
  16 kobolds
  2 rats
  2 spectral weapons
270 creatures vanquished.

Vanquished Creatures (collateral kills)
  An orc warrior (D:9)
  2 orcs (D:9)
3 creatures vanquished.

Vanquished Creatures (others)
  A slime creature (D:9)
  An electric eel (D:9)
  An orc (D:9)
  10 spectral weapons
13 creatures vanquished.

Grand Total: 286 creatures vanquished

Notes
Turn   | Place    | Note
-------+----------+-------------------------------------------
     0 | D:1      | Faustar the Sand Dwarf Skald began the quest for the Orb.
     0 | D:1      | Reached XP level 1. HP: 18/18 MP: 3/3
   279 | D:1      | Reached XP level 2. HP: 19/25 MP: 5/5
   708 | D:1      | Reached XP level 3. HP: 27/31 MP: 6/6
  1053 | D:1      | Learned a level 3 spell: Regeneration
  1257 | D:2      | Found an ornate altar of the Wu Jian Council.
  1300 | D:2      | Noticed Sigmund
  1326 | D:2      | Killed Sigmund
  1326 | D:2      | Reached skill level 5 in Fighting
  1326 | D:2      | Reached XP level 4. HP: 10/42 MP: 2/7
  1326 | D:2      | Reached XP level 5. HP: 11/48 MP: 2/8
  1697 | D:2      | Found an ancient bone altar of Kikubaaqudgha.
  1938 | D:2      | Reached XP level 6. HP: 54/56 MP: 9/9
  2102 | D:2      | Found an iron altar of Okawaru.
  2371 | D:3      | Found a runed translucent door.
  2401 | D:3      | Learned a level 3 spell: Spectral Weapon
  2560 | D:3      | Got a sparkling pewter ring
  2642 | D:3      | Noticed Quickbrownfox's ghost (amateur MiAc)
  2906 | D:3      | Found a hide-covered altar of Uskayaw.
  3003 | D:4      | Found a staircase to the Ecumenical Temple.
  3008 | Temple   | Entered the Ecumenical Temple
  3358 | Temple   | Became a worshipper of Ashenzari the Shackled
  3358 | Temple   | Identified the ring of the Commoners {Ice rPois Int-4
                  | Dex+4} (You found it on level 3 of the Dungeon)
  3387 | D:4      | Reached XP level 7. HP: 61/64 MP: 3/10
  3395 | D:4      | Learned a level 3 spell: Mephitic Cloud
  3737 | D:4      | Reached XP level 8. HP: 60/73 MP: 5/12
  3898 | D:4      | Found a runed translucent door.
  3898 | D:4      | Noticed Freyura's ghost (amateur GrAc)
  3964 | D:4      | Found a runed translucent door.
  4155 | D:5      | Entered Level 5 of the Dungeon
  4155 | D:5      | Reached * piety under Ashenzari
  4431 | D:5      | Found Qaitzyiw's Magic Scroll Emporium.
  4688 | D:5      | Found a shimmering blue altar of Sif Muna.
  5002 | D:5      | Found Wosmaur's Weapon Boutique.
  5293 | D:6      | Noticed a troll
  5310 | D:6      | Killed a troll
  5310 | D:6      | Reached skill level 5 in Armour
  5320 | D:6      | Reached XP level 9. HP: 22/81 MP: 2/15
  5638 | D:6      | Reached skill level 5 in Spellcasting
  5898 | D:6      | Found a runed translucent door.
  5900 | D:6      | Noticed a troll
  5900 | D:6      | Noticed zzzzzzzz's ghost (novice OpTm)
  6096 | D:6      | Reached ** piety under Ashenzari
  6121 | D:6      | Reached skill level 10 in Maces & Flails
  6353 | D:7      | Found a snail-covered altar of Cheibriados.
  6621 | D:7      | Found Ehida's General Store.
  6633 | D:7      | Noticed a manticore
  6659 | D:7      | Killed a manticore
  6830 | D:7      | Reached XP level 10. HP: 82/90 MP: 16/19
  6869 | D:7      | Found a glowing golden altar of the Shining One.
  6870 | D:7      | Found a runed door.
  6870 | D:7      | Noticed an angel
  6874 | D:7      | Found Sunisk's Gadget Shop.
  6889 | D:7      | Found Gurumoh's Distillery.
  7052 | D:7      | Found Ivigheych's Magic Scroll Shop.
  7067 | D:7      | Reached XP level 11. HP: 102/102 MP: 19/23
  7251 | D:7      | Found Nexziss's Antique Weapon Shoppe.
  7949 | D:8      | Found Lomug's Distillery.
  8244 | D:8      | Found a corrupted altar of Lugonu.
  8425 | D:9      | Noticed a cyclops
  8455 | D:8      | Learned a level 3 spell: Confuse
  8460 | D:8      | Learned a level 4 spell: Cause Fear
  8882 | D:9      | Found a staircase to the Orcish Mines.
  8957 | D:9      | Reached skill level 10 in Spellcasting
  8965 | D:9      | Reached skill level 1 in Hexes
  9324 | D:8      | Annihilated by an enormous slime creature

Skill      XL: |  1  2  3  4  5  6  7  8  9 10 11 |
---------------+----------------------------------+-----
Fighting       | 3 5 6 7 8 11 | 11.7
Maces & Flails | 4 6 7 8 9 10 11 | 11.1
Armour         | 2 5 7 8 9 |  9.3
Spellcasting   | 4 6 8 10 | 10.0
Conjurations   | 3 |  3.9
Hexes          | 2 |  2.5
Dodging        | |  1.5
Charms         | |  3.0

Action                   |  1- 3 |  4- 6 |  7- 9 | 10-12 || total
-------------------------+-------+-------+-------+-------++-------
Melee: Mace              |   114 |   170 |   144 |       ||   428
       Flail             |       |       |   205 |   380 ||   585
 Cast: Regeneration      |     1 |     5 |     4 |    10 ||    20
       Infusion          |     1 |     4 |     2 |       ||     7
       Spectral Weapon   |       |       |    30 |    24 ||    54
       Mephitic Cloud    |       |       |    11 |    10 ||    21
       Confuse           |       |       |       |    10 ||    10
       Cause Fear        |       |       |       |     1 ||     1
Invok: Curse Item        |       |       |     4 |     1 ||     5
Evoke: Wand              |       |       |       |    13 ||    13
  Use: Potion            |     1 |       |     1 |     1 ||     3
       Scroll            |       |       |       |     8 ||     8
 Stab: Sleeping          |     1 |       |       |       ||     1
       Distracted        |       |       |     2 |     2 ||     4
       Confused          |       |       |     5 |     5 ||    10
  Eat: Chunk             |     5 |    13 |    30 |    17 ||    65
       Ration            |       |       |       |     1 ||     1
Armor: Leather armour    |    27 |    25 |       |       ||    52
       Ring mail         |       |    27 |    68 |       ||    95
       Troll leather arm |       |       |    14 |    42 ||    56
       Chain mail        |       |       |       |    41 ||    41
Dodge: Dodged            |    94 |   168 |   286 |   312 ||   860
